 Dungeon Crawl Stone Soup version 0.26-a0-40-gfe7b5d5 (webtiles) character file.

Game seed: 8308203121121123803, levelgen mode: deterministic

21 Firecrotchwizard the Skirmisher (level 2, -3/26 HPs)
             Began as a Ghoul Fighter on May 31, 2020.
             Killed from afar by Robin (6 damage)
             ... with a puff of flame
             ... on level 2 of the Dungeon.
             The game lasted 00:01:12 (245 turns).

Firecrotchwizard the Skirmisher (Ghoul Fighter)      Turns: 245, Time: 00:01:13

Health: -3/26      AC:  6    Str: 19    XL:     2   Next: 87%
Magic:  1/1        EV:  7    Int:  3    God:
Gold:   25         SH:  8    Dex:  8    Spells: 1/1 levels left

rFire    . . .     SeeInvis .     - Unarmed
rCold    + . .     Gourm    .   b - +0 kite shield
rNeg     + + +     Faith    .   a - +0 scale mail
rPois    ∞         Spirit   .   (no helmet)
rElec    .         Reflect  .   (no cloak)
rCorr    .         Harm     .   (no gloves)
MR       .....                  (no boots)
Stlth    ..........             (no amulet)
HPRegen  0.00/turn              (no ring)
MPRegen  0.07/turn              (no ring)

@: rotting
A: rotting body, claws 1, carnivore, cold resistance 1, negative energy
resistance 3, inhibited regeneration, torment resistance, unbreathing
a: no special abilities


You were on level 2 of the Dungeon.
You were not hungry.

You visited 1 branch of the dungeon, and saw 2 of its levels.

You collected 25 gold pieces.

Inventory:

Armour
 a - a +0 scale mail (worn)
 b - a +0 kite shield (worn)
Scrolls
 e - 2 scrolls of remove curse {unknown}
 g - a scroll of teleportation {unknown}
 h - a scroll of identify {unknown}
Potions
 c - a potion of might
 i - a potion of brilliance {unknown}
Comestibles
 d - a ration
 f - 9 chunks of flesh {@w0}


   Skills:
 + Level 3.6 Fighting
 - Level 2.6 Armour
 + Level 2.9 Shields
 * Level 3.0 Unarmed Combat


You had one spell level left.
You didn't know any spells.
Your spell library was empty.

Dungeon Overview and Level Annotations

Branches:
Dungeon (1/15)

Altars:

Annotations:
D:2 Robin


Innate Abilities, Weirdness & Mutations

Your body is rotting away.
You thrive on raw meat.
You are immune to poison.
You have sharp fingernails.
You are carnivorous and can eat meat at any time.
Your flesh is cold resistant. (rC+)
You are immune to negative energy. (rN+++)
You do not regenerate when monsters are visible.
You are immune to unholy pain and torment.
You can survive without breathing.


Message History

You see here 16 poisoned darts.
You start resting.
The goblin is too close now for your liking.
The goblin shoots a stone.
The stone barely misses you.
You completely miss the goblin.
The goblin unwields a +0 hunting sling.
The goblin wields a +0 dagger.
The goblin hits you but does no damage.
The goblin shoots a stone.
The stone barely misses you.
Your shield prevents you from hitting the goblin.
Your shield and scale mail prevent you from hitting the goblin.
The goblin hits you but does no damage. The goblin barely misses you.
You claw the goblin!
You kill the goblin!
The goblin shoots a stone.
You block the stone. You block the goblin's attack.
You scratch the goblin but do no damage.
The goblin hits you but does no damage.
The goblin shoots a stone.
You block the stone.
The goblin unwields a +0 hunting sling.
The goblin barely misses you.
Items here: ( )) † a +0 dagger; a +0 hunting sling; 11 stones; a goblin corpse You closely miss the goblin.
You block the goblin's attack. x2
You scratch the goblin.
You kill the goblin!
The goblin hits you but does no damage. The goblin barely misses you.
The goblin wields a +0 hunting sling.
The goblin shoots a stone.
You block the stone.
Things that are here:
a +0 dagger; 4 stones A goblin comes into view.
It is wielding a +0 dagger.
The goblin shouts!
The goblin unwields a +0 dagger.
The goblin wields a +0 hunting sling.
The goblin shoots a stone.
The stone barely misses you.
You see here a stone.
You scratch the goblin. You block the goblin's attack.
The goblin shoots a stone.
The stone barely misses you.
You claw the goblin!
You kill the goblin!
You claw the goblin!
You kill the goblin!
The goblin shoots a stone.
The stone closely misses you.
The goblin shoots a stone.
You block the stone.
You barely miss the goblin.
The goblin shoots a stone.
The stone barely misses you. The goblin hits you but does no damage.
You claw the goblin!
You kill the goblin!
The goblin shoots a stone.
The stone hits you but does no damage.
You claw the goblin!
You kill the goblin!
Your Unarmed Combat skill increases to level 3!
The goblin shoots a stone.
The stone hits you but does no damage.
The goblin shoots a stone.
The stone barely misses you. Robin throws the goblin at you!
Eat one of 11 chunks of flesh {@w0}? (ye/n/q)
You eat one of the 11 chunks of flesh {@w0}.
This raw flesh tastes great!
The goblin hits you but does no damage. Robin throws the goblin at you!
The goblin unwields a +0 hunting sling.
The goblin hits you but does no damage.
You regained 6 hp, and now have 21/26 hp.
Eat one of 10 chunks of flesh {@w0}? (ye/n/q)
You eat one of the 10 chunks of flesh {@w0}.
This raw flesh tastes great!
You block the goblin's attack.
Robin roars a battlecry!
The goblins go into a battle-frenzy!
The goblin hits you.
You hear a shout!
Robin roars a battlecry!
The goblin goes into a battle-frenzy!
Items here: ( )))) ††† You scratch Robin.
You block the goblin's attack. You block Robin's attack.
You barely miss Robin. The goblin hits you with a +0 dagger.
Robin hits you but does no damage.
You take 4 damage, and have 18/26 hp.
You closely miss Robin. The goblin hits you but does no damage.
Robin zaps a wand.
The puff of flame hits you.
A hobgoblin comes into view. It is wielding a +0 club.
You take 6 damage, and have 12/26 hp.
MASSIVE DAMAGE!!
You scratch Robin. The goblin completely misses you.
Robin zaps a wand.
The puff of flame hits you.
* * * LOW HITPOINT WARNING * * *
You take 6 damage, and have 6/26 hp.
MASSIVE DAMAGE!!
You scratch Robin. The goblin hits you but does no damage.
You barely miss the hobgoblin. You block the goblin's attack.
Robin hits you but does no damage. The hobgoblin closely misses you.
You block the goblin's attack.
Unknown command.
You scratch the hobgoblin. Robin hits you but does no damage.
You block the hobgoblin's attack. The goblin hits you with a +0 dagger.
* * * LOW HITPOINT WARNING * * *
You take 1 damage, and have 5/26 hp.
You claw the hobgoblin!
You kill the hobgoblin!
You block Robin's attack. The goblin hits you with a +0 dagger.
* * * LOW HITPOINT WARNING * * *
You take 2 damage, and have 3/26 hp.
Robin zaps a wand.
The puff of flame hits you.
You die...

.. #.# ######.
#.# .......##.#
.......(#(#
........#.#####
......gg#.....+
#g#.##### #)#.#
#g@.# ##..#
#.># ####


You could see Robin and 3 goblins.

Vanquished Creatures
  A leopard gecko (D:1)
  8 goblins (D:2)
  2 hobgoblins
  3 jackals (D:1)
  A bat (D:1)
  A kobold (D:1)
  2 rats
18 creatures vanquished.

Notes
Turn   | Place    | Note
-------+----------+-------------------------------------------
     0 | D:1      | Firecrotchwizard the Ghoul Fighter began the quest for the
                  | Orb.
     0 | D:1      | Reached XP level 1. HP: 19/19 MP: 0/0
    69 | D:1      | Reached XP level 2. HP: 17/25 MP: 1/1
   155 | D:1      | You fall into a shaft and drop 1 floor!
   184 | D:2      | Noticed Robin
   233 | D:2      | Reached skill level 3 in Unarmed Combat
   240 | D:2      | HP: 6/26 [Robin/puff of flame (6)]
   245 | D:2      | Killed from afar by Robin

Illustrated notes

Levels and vault maps discovered:
D:1:      lightli_arrival_farm, layout_rooms
D:2:      layout_basic, uniq_robin

Skill      XL: |  1  2 |
---------------+-------+-----
Unarmed Combat | 3 |  3.0
Fighting       | |  3.6
Armour         | |  2.6
Shields        | |  2.9

Action                   || total
-------------------------++-------
Melee: Unarmed           ||    56
  Eat: Chunk             ||     3
Armor: Scale mail        ||    31
Dodge: Dodged            ||    31
Block: Kite shield       ||    36

Table legend:
 A = Non-vault XP
 B = Vault XP
 C = Vault XP percentage of total XP
 D = Non-vault monster count
 E = Vault monster count
 F = Vault count percentage of total count
                 A         B        C        D         E       F
            +---------+---------+-------+---------+---------+-------
      Total |      15 |      16 |  51.6 |       9 |       9 |  50.0
            +---------+---------+-------+---------+---------+-------
        D:1 |      14 |       0 |   0.0 |       8 |       0 |   0.0
        D:2 |       1 |      16 |  94.1 |       1 |       9 |  90.0
            +---------+---------+-------+---------+---------+-------

Levels and vault maps discovered:
D:1:      lightli_arrival_farm, layout_rooms
D:2:      layout_basic, uniq_robin

Table legend:
 A = Turns spent in this place as a percentage of turns spent in the entire game.
 B = Non-inter-level travel turns spent in this place as a percentage of non-inter-level travel turns spent in the entire game.
 C = Inter-level travel turns spent in this place as a percentage of turns spent in this place.
 D = Turns resting spent in this place as a percentage of non-inter-level travel turns spent in this place.
 E = Turns spent auto-exploring this place as a percentage of non-inter-level travel turns spent in this place.
 F = Non-inter-level travel turns spent in this place divided by the number of levels of this place that you've seen.
                   A       B       C       D       E      F
               +-------+-------+-------+-------+-------+----------------------
         Total | 100.0 | 100.0 |   0.0 |  15.9 |  34.7 | 122.5
       Dungeon | 100.0 | 100.0 |   0.0 |  15.9 |  34.7 | 122.5
               +-------+-------+-------+-------+-------+----------------------

Table legend:
 A = Kills in this place as a percentage of kills in entire the game.
 B = Kills by you in this place as a percentage of kills by you in the entire game.
 C = Kills by friends in this place as a percentage of kills by friends in the entire game.
 D = Other kills in this place as a percentage of other kills in the entire game.
 E = Experience gained in this place as a percentage of experience gained in the entire game.
 F = Experience gained in this place divided by the number of levels of this place that you have seen.
                   A       B       C       D       E      F
               +-------+-------+-------+-------+-------+----------------------
         Total | 100.0 | 100.0 |   N/A |   N/A | 100.0 |  15.5
       Dungeon | 100.0 | 100.0 |   N/A |   N/A | 100.0 |  15.5
               +-------+-------+-------+-------+-------+----------------------
